 Dungeon Crawl Stone Soup version 0.28-a0-1339-ga5422284a4 (webtiles) character file.

Game seed: 8664967756453199275

967 SensoryNuts the Slasher (level 7, -7/55 HPs)
             Began as a Demonspawn Fighter on Dec 28, 2021.
             Killed from afar by Maggie (10 damage)
             ... with a bolt of fire
             ... on level 6 of the Dungeon.
             The game lasted 00:07:31 (5885 turns).

SensoryNuts the Slasher (Demonspawn Fighter)        Turns: 5885, Time: 00:07:32

Health: -7/55      AC: 13    Str: 18    XL:     7   Next: 93%
Magic:  7/7        EV: 10    Int: 10    God:
Gold:   238        SH:  6    Dex: 12    Spells: 6/6 levels left

rFire   . . .      SeeInvis .   a - +0 long sword (venom)
rCold   . . .      Faith    .   c - +1 buckler
rNeg    . . .      Spirit   .   b - +0 scale mail
rPois   .          Reflect  .   (helmet restricted)
rElec   .          Harm     .   (no cloak)
rCorr   .          Rampage  .   (no gloves)
Will    .....                   (no boots)
Stlth   ..........              (no amulet)
HPRegen 0.18/turn               o - +4 ring of protection
MPRegen 0.10/turn               (no ring)

@: brilliant
A: antennae 1, demonic guardian 1, sharp scales 2, condensation shield
a: no special abilities


You were on level 6 of the Dungeon.
You visited 1 branch of the dungeon, and saw 6 of its levels.

You collected 238 gold pieces.

Inventory:

Hand Weapons
 a - a +0 long sword of venom (weapon)
Armour
 b - a +0 scale mail (worn)
 c - a +1 buckler (worn)
Jewellery
 m - a ring of wizardry
 o - a +4 ring of protection (left hand)
 q - a ring of resist corrosion
Wands
 d - a wand of paralysis (7)
 k - a wand of mindburst (14)
Scrolls
 i - 2 scrolls of enchant armour
 l - 6 scrolls of identify
Potions
 e - a potion of lignification
 h - a potion of degeneration
 j - a potion of might


   Skills:
 + Level 4.6 Fighting
 * Level 5.9 Long Blades
 + Level 4.3 Armour
 + Level 1.3 Dodging
 + Level 0.4 Stealth
 + Level 4.1 Shields


You had 6 spell levels left.
You didn't know any spells.
Your spell library contained the following spells:

 Spells                   Type           Power      Damage    Failure   Level
 Magic Dart               Conj           0%         1d3       75%         1
 Blink                    Tloc           0%         N/A       86%         2
 Call Imp                 Summ           0%         N/A       86%         2
 Ensorcelled Hibernation  Hex/Ice        0%         N/A       86%         2
 Mephitic Cloud           Conj/Pois/Air  0%         N/A       98%         3
 Spider Form              Tmut/Pois      0%         N/A       98%         3
 Manifold Assault         Tloc           0%         N/A       100%        5
 Storm Form               Tmut/Air       0%         N/A       100%        7


Dungeon Overview and Level Annotations

Branches:
Dungeon (6/15)
 Temple: D:4-7

Altars:
Dithmenos
Elyvilon
Hepliaklqana
Kikubaaqudgha
Ru
Yredelemnul

Shops:
D:2 =

Annotations:
D:6 Maggie


Innate Abilities, Weirdness & Mutations

You have a pair of small antennae on your head.
A weak demonic guardian rushes to your aid.
You are mostly covered in razor-sharp scales. (AC +2, Slay +2)
A meltable shield of frost defends you. (SH +0)


Message History

The howler monkey zombie is almost destroyed.
The bullfrog skeleton hits you but does no damage.
You block Maggie's attack.
Your shadow imp hits the howler monkey zombie.
The howler monkey zombie is destroyed!
You slash Maggie!
Maggie is moderately wounded.
The bullfrog skeleton hits you but does no damage.
Maggie points at you and mumbles some strange words.
The bolt of fire hits you!!
* * * LOW HITPOINT WARNING * * *
A demonic guardian appears!
The bullfrog skeleton hits you but does no damage.
It was a potion of cancellation.
Your magical effects are unravelling.
You feel magically purged.
You feel less wooden.
Your +0 scale mail unmelds from your body.
You break out of your daze.
Maggie closely misses you. The bullfrog skeleton hits you.
* * * LOW HITPOINT WARNING * * *
Your quasit bites Maggie but does no damage.
Your quasit barely misses Maggie.
Your quasit claws Maggie but does no damage.
It was a potion of brilliance.
You feel clever all of a sudden. The bullfrog skeleton hits you.
* * * LOW HITPOINT WARNING * * *
Your quasit closely misses Maggie.
Your quasit barely misses Maggie.
Your quasit misses Maggie. Maggie casts a spell at you.
The bolt of fire misses you.
You closely miss Maggie.
Maggie is moderately wounded.
You block the bullfrog skeleton's attack.
Your quasit closely misses Maggie.
Your quasit claws Maggie.
Your quasit barely misses Maggie.
Maggie points at you and mumbles some strange words.
The bolt of fire hits you!
You die...

## .##.. .....# ..
##....###+#####...#
#.>.......Z@5.....#
#.........@5###...#
....###..##.# # #
.....##.#
......###.#
..###### ... # ...
.... ...


You could see Maggie (poisoned, ally target), a bullfrog skeleton (ally target),
a friendly quasit (summoned) and a friendly shadow imp (summoned).

Vanquished Creatures
  Grinder (D:3)
  A sky beast (D:5)
  An ogre (D:5)
  A scorpion (D:4)
  A water moccasin skeleton (D:5)
  A bullfrog zombie (D:5)
  A jelly (D:4)
  3 orc priests
  A centaur skeleton (D:5)
  An iguana (D:6)
  Terence (D:3)
  An orc wizard (D:4)
  A howler monkey zombie (D:5)
  3 gnolls (D:5)
  5 adders
  A shadow imp (D:5)
  3 worms
  8 dart slugs
  20 orcs
  7 bats
  7 endoplasms
  3 giant cockroaches
  8 goblins
  7 hobgoblins
  3 quokkas (D:1)
  4 ball pythons
  3 frilled lizards
  6 kobolds
  A quokka skeleton (D:4)
  11 rats
115 creatures vanquished.

Vanquished Creatures (collateral kills)
  A howler monkey zombie (D:6)
1 creature vanquished.

Vanquished Creatures (others)
  2 plants (D:1)
2 creatures vanquished.

Grand Total: 118 creatures vanquished

Notes
Turn   | Place    | Note
-------+----------+-------------------------------------------
     0 | D:1      | SensoryNuts the Demonspawn Fighter began the quest for the
                  | Orb.
     0 | D:1      | Reached XP level 1. HP: 18/18 MP: 1/1
   239 | D:1      | Gained mutation: A meltable shield of frost defends you.
                  | (SH +0) [demonic ancestry]
   239 | D:1      | Reached XP level 2. HP: 23/24 MP: 2/2
   337 | D:1      | Reached skill level 2 in Long Blades
   793 | D:2      | Found an ancient bone altar of Kikubaaqudgha.
   825 | D:2      | Gained mutation: You are partially covered in razor-sharp
                  | scales. (AC +1, Slay +1) [demonic ancestry]
   825 | D:2      | Reached XP level 3. HP: 29/29 MP: 3/3
  1372 | D:2      | Found Iguiv's One-of-a-Kind Rings.
  1783 | D:2      | Reached XP level 4. HP: 22/35 MP: 4/4
  1914 | D:3      | Reached skill level 3 in Long Blades
  2110 | D:3      | Noticed Grinder
  2110 | D:3      | Paralysed by Grinder for 4 turns
  2117 | D:3      | Paralysed by Grinder for 7 turns
  2126 | D:3      | Killed Grinder
  2127 | D:3      | Gained mutation: You are mostly covered in razor-sharp
                  | scales. (AC +2, Slay +2) [demonic ancestry]
  2127 | D:3      | Reached XP level 5. HP: 21/42 MP: 5/5
  2127 | D:3      | Gained mutation: A weak demonic guardian rushes to your
                  | aid. [demonic ancestry]
  2127 | D:3      | Reached XP level 6. HP: 24/48 MP: 6/6
  2653 | D:3      | Noticed Terence
  2654 | D:3      | Found a basalt altar of Yredelemnul.
  2663 | D:3      | Killed Terence
  2664 | D:3      | Reached skill level 4 in Long Blades
  2664 | D:3      | Reached skill level 1 in Dodging
  2705 | D:3      | Found a sacrificial altar of Ru.
  2836 | D:3      | Found a faded altar of an unknown god.
  2911 | D:3      | Found a hazy altar of Hepliaklqana.
  3696 | D:4      | Found a shadowy altar of Dithmenos.
  4100 | D:4      | Noticed a water moccasin
  4766 | D:4      | Gained mutation: You have a pair of small antennae on your
                  | head. [demonic ancestry]
  4766 | D:4      | Reached XP level 7. HP: 54/54 MP: 7/7
  5101 | D:5      | Entered Level 5 of the Dungeon
  5122 | D:5      | Reached skill level 5 in Long Blades
  5864 | D:6      | Noticed Maggie
  5885 | D:6      | Killed from afar by Maggie

Illustrated notes

Levels and vault maps discovered:
D:1:      dpeg_arrival_ratfight, layout_rooms, serial_bayou_lagoon_b
D:2:      layout_basic, basic_altar, nicolae_shop_unique_rings
D:3:      layout_basic, nicolae_overflow_ecumenical_swirl,
          mainiacjoe_overflow_two_lobes, uniq_grinder, uniq_terence
D:4:      layout_basic, mainiacjoe_overflow_divided_tiny
D:5:      kennysheep_slugbush, layout_basic, hangedman_decor_peaks_small
D:6:      layout_loops_cross, minmay_temple_entry_glassed_door,
          gammafunk_ghost_gnarly_gnolls, minivault_26, kennysheep_boxes,
          uniq_duvessa, uniq_maggie

Skill      XL: |  1  2  3  4  5  6  7 |
---------------+----------------------+-----
Long Blades    | 2 3 4 5 |  5.9
Armour         | 3 4 |  4.3
Shields        | 3 4 |  4.1
Dodging        | 1 |  1.3
Fighting       | 4 |  4.6
Stealth        | |  0.4

Action                   |  1- 3 |  4- 6 |  7- 9 || total
-------------------------+-------+-------+-------++-------
Melee: Long sword        |   164 |   133 |    84 ||   381
  Use: Scroll            |     7 |     1 |     4 ||    12
       Potion            |       |     5 |     5 ||    10
 Stab: Distracted        |       |       |     1 ||     1
Armor: Scale mail        |    70 |    41 |    38 ||   149
       Skin              |       |     1 |     3 ||     4
Dodge: Dodged            |    66 |    30 |    32 ||   128
Block: Buckler           |    83 |    54 |    45 ||   182

Table legend: (Time is in decaauts)
 A = Elapsed time spent in this place.
 B = Non-inter-level travel time spent in this place.
 C = Inter-level travel time spent in this place.
 D = Time resting spent in this place.
 E = Time spent auto-exploring this place.
 F = Levels seen in this place.
 G = Mean time per level.
                   A        B        C        D        E       F      G
               +--------+--------+--------+--------+--------+-----+--------+
         Total |   5992 |   5811 |    181 |    633 |   4187 |   6 |  998.7 |
       Dungeon |   5992 |   5811 |    181 |    633 |   4187 |   6 |  998.7 |
               +--------+--------+--------+--------+--------+-----+--------+

Top non-repeatable levels by time:
     D:3: 1911 daAuts
     D:4: 1291 daAuts
     D:2: 1137 daAuts
     D:1: 845 daAuts
     D:5: 782 daAuts
     D:6: 23 daAuts
